 Dungeon Crawl Stone Soup version 0.30.0-5-g1a98f26d00 (webtiles) character file.

Game seed: 3916161599445990296

81 sasquatch the Chopper (level 4, -5/72 HPs)
             Began as an Ogre Berserker on May 9, 2023.
             Was a Believer of Trog.
             Killed by nerve-wracking pain
             ... invoked by Jessica
              (14 damage)
             ... on level 3 of the Dungeon.
             The game lasted 00:01:36 (1785 turns).

sasquatch the Chopper (Ogre Berserker)              Turns: 1785, Time: 00:01:37

Health: -5/72      AC:  3    Str: 23    XL:     4   Next: 42%
Magic:  4/4        EV: 10    Int:  8    God:    Trog [**....]
Gold:   113        SH:  0    Dex:  8    Spells: 3/3 levels left

rFire   . . .        a - +0 hand axe
rCold   . . .        (no shield)
rNeg    . . .        b - +0 animal skin
rPois   .            (helmet restricted)
rElec   .            (no cloak)
rCorr   .            (gloves unavailable)
SInv    .            (boots unavailable)
Will    .....        (no amulet) Stlth
                     (no ring)
HPRegen 0.32/turn    (no ring)
MPRegen 0.09/turn

%: no passive effects
@: berserking, very quick
A: large, unfitting armour, tough skin 1
a: Renounce Religion, Berserk, Trog's Hand


You were on level 3 of the Dungeon.
You worshipped Trog.
Trog was pleased with you.
You visited 1 branch of the dungeon, and saw 3 of its levels.

You collected 113 gold pieces.

Inventory:

Hand Weapons
 a - a +0 hand axe (weapon)
Missiles
 s - 5 atropa-tipped darts (quivered)
Armour
 b - a +0 animal skin (worn)
Jewellery
 i - a +4 ring of protection
 j - a ring of positive energy
 k - a ring of positive energy
Scrolls
 f - 2 scrolls of silence {unknown}
 g - 2 scrolls of noise {unknown}
 l - 2 scrolls of fog {unknown}
 n - a scroll of immolation {unknown}
 p - 2 scrolls of enchant armour {unknown}
 q - a scroll of magic mapping {unknown}
 r - a scroll of identify {unknown}
Potions
 c - a potion of magic {unknown}
 d - 2 potions of curing
 e - a potion of haste {unknown}
 h - 2 potions of attraction {unknown}
 m - a potion of degeneration {unknown}
 o - a potion of heal wounds {unknown}


   Skills:
 - Level 4.0 Fighting
 + Level 5.1 Axes
 - Level 2.6 Dodging


You had 3 spell levels left.
You didn't know any spells.
Your spell library was empty.

Dungeon Overview and Level Annotations

Branches:
Dungeon (3/15)

Altars:
Zin

Annotations:
D:3 Jessica


Innate Abilities, Weirdness & Mutations

You are too large for most types of armour.
You have tough skin. (AC +1)


Message History

Items here: ) [[ †††.
You closely miss Jessica. Jessica hits you with a +0 club.
Unknown command.
You hit Jessica.
Jessica is moderately wounded.
Jessica hits you with a +0 club.
* * * LOW HITPOINT WARNING * * *
Jessica misses you.
You hit Jessica.
Jessica is severely wounded.
Jessica casts a spell.
Jessica blinks!
Jessica gestures wildly while chanting.
Jessica blinks!
Things that are here:
a +0 club; a goblin corpse You recover from your berserk rage.
Jessica gestures wildly while chanting.
Jessica blinks!
You start resting.
Jessica is nearby!
Jessica hits you with a +0 club.
You hit Jessica but do no damage.
Jessica is severely wounded.
Jessica barely misses you. Jessica hits you with a +0 club.
* * * LOW HITPOINT WARNING * * *
You hit Jessica.
Jessica is severely wounded.
Jessica casts a spell at you. Pain shoots through your body!
* * * LOW HITPOINT WARNING * * *
Unknown command.
You closely miss Jessica.
Jessica is severely wounded.
Jessica barely misses you.
A red film seems to cover your vision as you go berserk!
You feel yourself moving faster!
You feel mighty! Jessica casts a spell at you. Pain shoots through your body!
You die...

.... ############## #.g
#............. ...
#.##..########
#####.##########.##..#
#.....))))§...##.##..##########.
#.#...).#####@..................
#..§###)## ####.##.###.######..
#.. #.....####@##.###.# #
#.###....@.....##.######. ..#
#.#######............ ###
##.##.######. #<##.# #.##.#
#.##.# #.##.. #.#### #.#


You could see Jessica.

Vanquished Creatures
  Robin (D:3)
  An adder (D:3)
  A dart slug (D:1)
  4 endoplasms (D:1)
  4 giant cockroaches
  15 goblins
  9 hobgoblins
  3 jackals (D:1)
  A quokka (D:1)
  4 ball pythons
  A bat (D:1)
  A frilled lizard (D:1)
  5 rats
50 creatures vanquished.

Notes
Turn   | Place    | Note
-------+----------+-------------------------------------------
     0 | D:1      | sasquatch the Ogre Berserker began the quest for the Orb.
     0 | D:1      | Reached XP level 1. HP: 24/24 MP: 1/1
   105 | D:1      | Reached XP level 2. HP: 20/32 MP: 2/2
   387 | D:1      | Reached skill level 4 in Axes
   458 | D:1      | Reached XP level 3. HP: 39/39 MP: 3/3
   953 | D:2      | Reached ** piety under Trog
  1034 | D:2      | Found a glowing silver altar of Zin.
  1716 | D:3      | Noticed Jessica
  1721 | D:3      | Identified the +1 helmet "Bieqoh" {Rampage rN+ Int+2}
  1721 | D:3      | Noticed Robin
  1736 | D:3      | Reached XP level 4. HP: 48/48 MP: 4/4
  1761 | D:3      | Killed Robin
  1762 | D:3      | Reached skill level 5 in Axes
  1785 | D:3      | Killed from afar by Jessica

Illustrated notes

Levels and vault maps discovered:
D:1:      mushboom_english_gardens, layout_loops_ring
D:2:      layout_basic, basic_altar, nrook_mini_backslash, minivault_5
D:3:      layout_loops_ring, jmf_multi_god_temple2, lemuel_round_altar,
          gammafunk_ghost_abyssal_escape, uniq_robin, uniq_jessica

Skill      XL: |  1  2  3  4 |
---------------+-------------+-----
Axes           | 4 5 |  5.1
Fighting       | |  4.0
Dodging        | |  2.6

Action                     |  1- 3 |  4- 6 || total
---------------------------+-------+-------++-------
  Melee: Hand axe          |   127 |    32 ||   159
         Punch             |     1 |       ||     1
 Invoke: Berserk           |     1 |     1 ||     2
    Use: Potion            |       |     1 ||     1
 Armour: Animal skin       |    32 |     6 ||    38
  Dodge: Dodged            |    72 |    21 ||    93
